 Dungeon Crawl Stone Soup version 0.21.1-1-g345015f (webtiles) character file.

129 Mesmaeker13 the Skirmisher (level 5, 0/57 HPs)
             Began as an Ogre Chaos Knight on May 6, 2018.
             Killed by nerve-wracking pain
             ... invoked by an orc priest
              (13 damage)
             ... on level 3 of the Dungeon.
             The game lasted 00:02:56 (1982 turns).

Mesmaeker13 the Skirmisher (Ogre Chaos Knight)      Turns: 1982, Time: 00:02:57

Health: 0/57       AC:  5    Str: 16    XL:     5   Next: 12%
Magic:  5/5        EV: 10    Int: 13    God:    Xom [......]
Gold:   102        SH:  0    Dex:  9    Spells: 4/4 levels left

rFire    . . .     SeeInvis .   a - +0 mace (chaos)
rCold    . . .     Gourm    .   (no shield)
rNeg     . . .     Faith    .   b - +2 robe
rPois    .         Spirit   .   (helmet restricted)
rElec    .         Reflect  .   (no cloak)
rCorr    .         Harm     .   (gloves unavailable)
MR       .....                  (boots unavailable)
Stlth    +.........             (no amulet)
HPRegen  0.19/turn              (no ring)
MPRegen  0.09/turn              (no ring)

@: no status effects
A: large, unfitting armour, tough skin 1
a: Renounce Religion


You were on level 3 of the Dungeon.
You worshipped Xom.
You were a very special plaything of Xom.
You were not hungry.

You visited 1 branch of the dungeon, and saw 3 of its levels.

You collected 102 gold pieces.

Inventory:

Hand Weapons
 a - a +0 mace of chaos (weapon)
Armour
 b - a +2 robe (worn)
Scrolls
 d - a scroll of enchant armour
 g - a scroll of remove curse
 j - a scroll of blinking {unknown}
 k - 3 scrolls of amnesia
Potions
 e - 3 potions of resistance
 f - a potion of agility {unknown}
 h - a potion of brilliance
 i - a potion of might
 m - a potion of magic {unknown}
Comestibles
 c - 5 rations


   Skills:
 + Level 5.4 Fighting
 + Level 3.7 Maces & Flails
 + Level 3.2 Dodging


You had 4 spell levels left.
You didn't know any spells.

Dungeon Overview and Level Annotations

Branches:
Dungeon (3/15)

Altars:


Innate Abilities, Weirdness & Mutations

You are too large for most types of armour.
You have tough skin. (AC +1)


Message History

The orc priest hits you with a flail!
You barely miss the orc priest.
The orc priest is lightly wounded.
The orc priest hits you but does no damage.
You hit the orc priest. You burn the orc priest.
The orc priest is heavily wounded.
The orc priest misses you. The orc misses you.
You hit the orc priest but do no damage.
The orc priest is heavily wounded.
The orc priest hits you with a flail! The orc closely misses you.
You hit the orc priest but do no damage.
The orc priest is poisoned.
The orc priest is heavily wounded.
The orc priest invokes the aid of Beogh against you.
Beogh smites you! The orc hits you with a hand axe.
* * * LOW HITPOINT WARNING * * *
The orc priest mumbles some strange prayers to Beogh against you.
Pain shoots through your body!
You die... "It's all fun and games until someone loses an eye."

...........# #
#..........# .#
#..........#####.###
..................>.
...........#........
##.........#........
##........#........
.##...........o......
............#@o......
#...........#........
#...#....###........
#...#....# #........
.. #....# #.......#
#....# #.......#
#....# #########
#...<# #....#########


You could see an orc priest and an orc.

Vanquished Creatures
  Jessica (D:2)
  2 adders (D:2)
  2 gnolls (D:1)
  An ooze (D:1)
  An adder skeleton (D:3)
  A worm (shapeshifter) (D:2)
  A worm (D:2)
  2 dart slugs
  4 leopard geckos (D:1)
  A ball python (D:1)
  6 bats
  A giant cockroach (D:3)
  4 goblins
  4 hobgoblins (D:1)
  A quokka (D:2)
  2 frilled lizards
  7 kobolds
  6 rats
47 creatures vanquished.

Notes
Turn   | Place    | Note
-------+----------+-------------------------------------------
     0 | D:1      | Mesmaeker13 the Ogre Chaos Knight began the quest for the Orb.
     0 | D:1      | Reached XP level 1. HP: 24/24 MP: 1/1
    12 | D:1      | XOM: potion effect (curing)
    15 | D:1      | Reached XP level 2. HP: 9/32 MP: 2/2
   277 | D:1      | XOM: harmless Conj miscast
   447 | D:1      | Reached XP level 3. HP: 36/40 MP: 3/3
   650 | D:1      | XOM: smoke on damage
   960 | D:1      | Reached XP level 4. HP: 40/49 MP: 4/4
  1147 | D:2      | Noticed a fire bat
  1147 | D:2      | a worm changed into a fire bat
  1156 | D:2      | a fire bat changed into a worm
  1241 | D:2      | Noticed Jessica
  1245 | D:2      | Killed Jessica
  1245 | D:2      | Reached skill level 5 in Fighting
  1279 | D:2      | XOM: divination: detect items
  1322 | D:2      | XOM: silly message
  1332 | D:2      | XOM: silly message
  1344 | D:2      | Reached XP level 5. HP: 47/57 MP: 5/5
  1355 | D:2      | XOM: smoke on damage
  1594 | D:2      | XOM: mild Tloc miscast
  1666 | D:2      | XOM: 2-stop teleportation journey
  1982 | D:3      | Killed from afar by an orc priest

Skill      XL: |  1  2  3  4 |
---------------+-------------+-----
Maces & Flails | 3 |  3.7
Fighting       | 5 |  5.4
Dodging        | 3 |  3.2

Action                   |  1- 3 |  4- 6 || total
-------------------------+-------+-------++-------
Melee: Mace              |   105 |    67 ||   172
  Use: Scroll            |       |     7 ||     7
 Stab: Confused          |     1 |       ||     1
       Petrifying        |     1 |       ||     1
  Eat: Chunk             |       |     2 ||     2
       Ration            |       |     1 ||     1
Armor: Robe              |    61 |    21 ||    82
Dodge: Dodged            |    85 |    49 ||   134
